 Dungeon Crawl Stone Soup version 0.22.0-5-gf09313c8f9 (webtiles) character file.

91 Htamos the Slinger (level 4, -1/29 HPs)
             Began as a Halfling Hunter on Aug 14, 2018.
             Slain by Grinder (4 damage)
             ... while paralysed by Grinder
             ... on level 3 of the Dungeon.
             The game lasted 00:02:19 (1789 turns).

Htamos the Slinger (Halfling Hunter)                Turns: 1789, Time: 00:02:19

Health: -1/29      AC:  3    Str: 13    XL:     4   Next: 88%
Magic:  0/4        EV:  3    Int:  9    God:
Gold:   132        SH:  0    Dex: 15    Spells: 3/3 levels left

rFire    . . .     SeeInvis .   a - +1 hunting sling
rCold    . . .     Gourm    .   (shield restricted)
rNeg     . . .     Faith    .   c - +0 leather armour
rPois    .         Spirit   +   (no helmet)
rElec    .         Reflect  .   h - scarf {Spirit}
rCorr    .         Harm     .   (no gloves)
MR       .....                  (no boots)
Stlth    ++........             (no amulet)
HPRegen  0.09/turn              (no ring)
MPRegen  0.09/turn              (no ring)

@: paralysed
A: small, mutation resistance 1
a: no special abilities


You were on level 3 of the Dungeon.
You were not hungry.

You visited 1 branch of the dungeon, and saw 3 of its levels.

You collected 132 gold pieces.

Inventory:

Hand Weapons
 a - a +1 hunting sling (weapon)
 b - a +0 short sword of speed
 t - a +0 short sword
Missiles
 i - 46 stones (quivered)
 o - a throwing net
Armour
 c - a +0 leather armour (worn)
 h - a scarf of spirit shield (worn)
Jewellery
 l - a +3 ring of intelligence {unknown}
 q - an uncursed amulet of faith {unknown}
Scrolls
 e - 4 scrolls of identify {unknown}
 j - 2 scrolls of teleportation {unknown}
 k - 2 scrolls of remove curse {unknown}
 m - a scroll of amnesia {unknown}
 s - a scroll of enchant weapon {unknown}
Potions
 g - a potion of magic {unknown}
 n - a potion of heal wounds {unknown}
 r - 2 potions of degeneration {unknown}
Comestibles
 d - 4 chunks of flesh
 f - 4 rations


   Skills:
 - Level 1.7 Fighting
 + Level 8.5 Slings
 - Level 2.2 Dodging
 - Level 1.1 Stealth


You had 3 spell levels left.
You didn't know any spells.
Your spell library contained the following spells:

 Spells                   Type           Power        Failure   Level  Hunger
 Confuse                  Hex            #.......     83%         3    ####...
 Tukima's Dance           Hex            #.......     83%         3    ####...
 Ensorcelled Hibernation  Hex/Ice        #.....       61%         2    ###....
 Corona                   Hex            #......      45%         1    ##.....
 Dazzling Spray           Conj/Hex       #.....       83%         3    ####...


Dungeon Overview and Level Annotations

Branches:
Dungeon (3/15)

Altars:
Dithmenos

Annotations:
D:3 Grinder


Innate Abilities, Weirdness & Mutations

You are small and have problems with some larger weapons.
You are somewhat resistant to further mutation.


Message History

Grinder is severely wounded.
Firing (i - inventory. (/) - cycle)
i - 47 stones (quivered)
Press: ? - help, Shift-Dir - straight line, f/p - Grinder
Aim: Grinder (severely wounded)
You shoot a stone. The stone hits Grinder!
Grinder is almost dead.
Grinder gestures at you.
You suddenly lose the ability to move!
Grinder gestures at you. Pain shoots through your body!
Grinder gestures at you.
You barely resist. Grinder gestures at you. Pain shoots through your body!
* * * LOW HITPOINT WARNING * * *
Grinder hits you!
* * * LOW HITPOINT WARNING * * *
You writhe in agony.
* * * LOW MAGIC WARNING * * *
You die...

#.#.# #.#.# .#
..####)#.#######.#
#.................
#####....###### .#
#.....# .#
##....#######.##.###
##.#........5((((.#
#.########@# #.# #.#
##'## #.# ##...## #.#
##.....## #.## #
##.......## #..#.##.#
##.....)...####.......#
.'.....)...'.......####
###.........####.)..#


You could see Grinder.

Vanquished Creatures
  4 adders
  A worm (D:2)
  A dart slug (D:2)
  2 leopard geckos
  4 giant cockroaches
  4 goblins
  6 hobgoblins
  A quokka (D:3)
  7 bats
  3 frilled lizards
  8 kobolds
  11 rats
52 creatures vanquished.

Notes
Turn   | Place    | Note
-------+----------+-------------------------------------------
     0 | D:1      | Htamos the Halfling Hunter began the quest for the Orb.
     0 | D:1      | Reached XP level 1. HP: 14/14 MP: 1/1
   101 | D:1      | Reached skill level 6 in Slings
   199 | D:1      | Reached XP level 2. HP: 19/19 MP: 2/2
   753 | D:2      | Reached skill level 7 in Slings
   753 | D:2      | Reached XP level 3. HP: 24/24 MP: 3/3
   988 | D:2      | Found a shadowy altar of Dithmenos.
  1021 | D:2      | Reached XP level 4. HP: 25/29 MP: 2/4
  1330 | D:2      | Reached skill level 8 in Slings
  1772 | D:3      | Noticed Grinder
  1784 | D:3      | Paralysed by Grinder for 5 turns
  1789 | D:3      | Slain by Grinder

Skill      XL: |  1  2  3  4 |
---------------+-------------+-----
Slings         | 6 7 8 |  8.5
Fighting       | |  1.7
Dodging        | |  2.2
Stealth        | |  1.1

Action                   |  1- 3 |  4- 6 || total
-------------------------+-------+-------++-------
Melee: Short sword       |     4 |       ||     4
 Fire: Hunting sling     |    71 |    69 ||   140
  Eat: Chunk             |       |     2 ||     2
Armor: Leather armour    |     5 |     1 ||     6
Dodge: Dodged            |    21 |    13 ||    34
